 Dungeon Crawl Stone Soup version 0.30-a0-586-g23e55c9e0a (webtiles) character file.

Game seed: 16671973615467852001

141 IdlyInterested the Trooper (level 5, 0/43 HPs)
             Began as a Demonspawn Fighter on Jan 3, 2023.
             Succumbed to a gnoll's poison
             ... on level 2 of the Dungeon.
             The game lasted 00:03:46 (1472 turns).

IdlyInterested the Trooper (Demonspawn Fighter)     Turns: 1472, Time: 00:03:46

Health: 0/43       AC:  6    Str: 16    XL:     5   Next: 3%
Magic:  5/5        EV: 13    Int:  9    God:
Gold:   99         SH:  4    Dex: 13    Spells: 4/4 levels left

rFire   . . .      SeeInvis .    e - +9 dagger of Moral Flaws {freeze, rPois}
rCold   + . .      Faith    .    c - +0 buckler
rNeg    . . .      Spirit   .    l - +0 ring mail
rPois   +          Reflect  .    (no helmet)
rElec   .          Harm     .    (no cloak)
rCorr   .          Rampage  .    (no gloves)
Will    .....                    i - +0 pair of boots
Stlth   ++                       (no amulet)
HPRegen 0.27/turn                (no ring)
MPRegen 0.09/turn                (no ring)

@: lethally poisoned (0 -> -1)
A: repulsion field 1, powered by pain 1, camouflage 1, clumsy 1, cold resistance
1, deterioration 1
a: no special abilities


You were on level 2 of the Dungeon.
You visited 1 branch of the dungeon, and saw 2 of its levels.

You collected 99 gold pieces.

Inventory:

Hand Weapons
 a - a +0 flail
 e - the +9 dagger of Moral Flaws (weapon) {freeze, rPois}
   (You found it on level 2 of the Dungeon)

   It freezes those it strikes, dealing additional cold damage.
   It can also slow down cold-blooded creatures.
   rPois:     It protects you from poison.
Missiles
 g - 16 stones (quivered)
Armour
 b - a +0 scale mail
 c - a +0 buckler (worn)
 i - a +0 pair of boots (worn)
 k - a +0 robe
 l - a +0 ring mail (worn)
Potions
 d - a potion of might


   Skills:
 + Level 4.7 Fighting
 - Level 1.7 Maces & Flails
 - Level 2.6 Armour
 * Level 2.6 Dodging
 - Level 2.6 Shields


You had 4 spell levels left.
You didn't know any spells.
Your spell library was empty.

Dungeon Overview and Level Annotations

Branches:
Dungeon (2/15)

Altars:


Innate Abilities, Weirdness & Mutations

You are surrounded by a mild repulsion field. (EV +2)
You sometimes gain a little power by taking damage.
Your skin changes colour to match your surroundings (Stealth+).
You are clumsy. (Dex -2)
Your flesh is cold resistant. (rC+)
Your body sometimes deteriorates upon taking damage.


Message History

You are lethally poisoned!
The giant cockroach closely misses you.
You hit the gnoll. You freeze the gnoll.
You kill the gnoll!
You feel very sick. You block the giant cockroach's attack.
The bat hits you but does no damage.
You have reached level 5!
You feel very sick. You block the bat's attack. The bat misses you.
You miss the bat.
You feel very sick. The bat misses you.
* * * LOW HITPOINT WARNING * * *
You feel very sick. The bat completely misses you.
You puncture the bat! You freeze the bat.
You kill the bat!
* * * LOW HITPOINT WARNING * * *
You feel very sick. The giant cockroach bites you.
* * * LOW HITPOINT WARNING * * *
You puncture the giant cockroach! You freeze the giant cockroach.
You kill the giant cockroach!
* * * LOW HITPOINT WARNING * * *
You feel sick.
Okay, then.
Really quaff the potion of mutation?
You feel extremely strange.
You feel clumsy.
You feel yourself wasting away.
You feel resistant to cold.
Your skin functions as natural camouflage.
* * * LOW HITPOINT WARNING * * *
You feel sick.
You don't know any spells.
* * * LOW HITPOINT WARNING * * *
You feel sick.
* * * LOW HITPOINT WARNING * * *
You feel sick.
* * * LOW HITPOINT WARNING * * *
You feel sick.
You die...

####.##.# # #.##.# .
#..#.# . ##.#.# .
#.#.# . #####...## .
...........### #######
.
.#########...##......#
. ...........@)......
#########.##......#
#.# ###.... #.. ##.
.... #####


There were no monsters in sight!

Vanquished Creatures
  Natasha (twice) (D:2)
  3 gnolls (D:2)
  2 adders (D:2)
  A worm (D:2)
  5 bats
  4 endoplasms
  4 giant cockroaches
  6 goblins
  2 hobgoblins (D:1)
  4 quokkas (D:1)
  3 ball pythons
  3 frilled lizards (D:1)
  2 kobolds (D:1)
  2 rats (D:1)
43 creatures vanquished.

Notes
Turn   | Place    | Note
-------+----------+-------------------------------------------
     0 | D:1      | IdlyInterested the Demonspawn Fighter began the quest for
                  | the Orb.
     0 | D:1      | Reached XP level 1. HP: 18/18 MP: 1/1
   156 | D:1      | Gained mutation: You sometimes gain a little power by
                  | taking damage. [demonic ancestry]
   156 | D:1      | Reached XP level 2. HP: 24/24 MP: 2/2
   176 | D:1      | Reached skill level 1 in Dodging
  1005 | D:2      | Gained mutation: You are surrounded by a mild repulsion
                  | field. (EV +2) [demonic ancestry]
  1005 | D:2      | Reached XP level 3. HP: 30/30 MP: 3/3
  1191 | D:2      | Noticed Natasha
  1216 | D:2      | Killed Natasha
  1217 | D:2      | Reached skill level 4 in Fighting
  1217 | D:2      | Reached XP level 4. HP: 29/37 MP: 4/4
  1307 | D:2      | Identified the +9 dagger of Moral Flaws {freeze, rPois}
  1316 | D:2      | Noticed Natasha
  1320 | D:2      | Killed Natasha
  1463 | D:2      | Reached XP level 5. HP: 21/43 MP: 5/5
  1468 | D:2      | Gained mutation: You are clumsy. (Dex -2) [potion of
                  | mutation]
  1468 | D:2      | Gained mutation: Your body sometimes deteriorates upon
                  | taking damage. [potion of mutation]
  1468 | D:2      | Gained mutation: Your flesh is cold resistant. (rC+)
                  | [potion of mutation]
  1468 | D:2      | Gained mutation: Your skin changes colour to match your
                  | surroundings (Stealth+). [potion of mutation]
  1469 | D:2      | HP: 2/43 [poisoned by a gnoll]
  1472 | D:2      | Succumbed to a gnoll's poison

Illustrated notes

Levels and vault maps discovered:
D:1:      kennysheep_arrival_seaside, layout_basic,
          shapermc_ecumenical_altar_petra, nicolae_kite_square_tiling_tiny,
          chequers_serial_rivers_small_b, corexii_leaking_fountain,
          serial_bayou_pond_e
D:2:      layout_basic, serial_shops, nicolae_shop_trees, uniq_natasha

Skill      XL: |  1  2  3 |
---------------+----------+-----
Dodging        | 1 2 |  2.6
Fighting       | 4 |  4.7
Maces & Flails | |  1.7
Armour         | |  2.6
Shields        | |  2.6

Action                   |  1- 3 |  4- 6 || total
-------------------------+-------+-------++-------
Melee: Flail             |   127 |    21 ||   148
       Dagger            |       |    14 ||    14
  Use: Scroll            |     3 |       ||     3
       Potion            |     1 |     1 ||     2
Armor: Scale mail        |    42 |       ||    42
       Ring mail         |    13 |    12 ||    25
Dodge: Dodged            |    71 |    30 ||   101
Block: Buckler           |    24 |    11 ||    35

Table legend: (Time is in decaauts)
 A = Elapsed time spent in this place.
 B = Non-inter-level travel time spent in this place.
 C = Inter-level travel time spent in this place.
 D = Time resting spent in this place.
 E = Time spent auto-exploring this place.
 F = Levels seen in this place.
 G = Mean time per level.
                   A        B        C        D        E       F      G
               +--------+--------+--------+--------+--------+-----+--------+
         Total |   1534 |   1412 |    122 |    112 |    848 |   2 |  767.0 |
       Dungeon |   1534 |   1412 |    122 |    112 |    848 |   2 |  767.0 |
               +--------+--------+--------+--------+--------+-----+--------+

Top non-repeatable levels by time:
     D:1: 1019 daAuts
     D:2: 514 daAuts
